 Dungeon Crawl Stone Soup version 0.23-a0-890-gc183402 (webtiles) character file.

Game seed: 17307964269625683576

32 drasked the Conjurer (level 3, 0/26 HPs)
             Began as a Draconian Conjurer on Jan 28, 2019.
             Slain by a worm (7 damage)
             ... on level 1 of the Dungeon.
             The game lasted 00:03:21 (1066 turns).

drasked the Conjurer (Draconian Conjurer)           Turns: 1066, Time: 00:03:22

Health: 0/26       AC:  5    Str: 10    XL:     3   Next: 10%
Magic:  2/6        EV: 12    Int: 16    God:
Gold:   68         SH:  0    Dex: 11    Spells: 5/6 levels left

rFire    . . .     SeeInvis .   d - +1 dagger
rCold    . . .     Gourm    .   (no shield)
rNeg     . . .     Faith    .   (armour unavailable)
rPois    .         Spirit   .   (helmet restricted)
rElec    .         Reflect  .   (no cloak)
rCorr    .         Harm     .   (no gloves)
MR       .....                  (no boots)
Stlth    ++........             (no amulet)
HPRegen  0.08/turn              (no ring)
MPRegen  0.10/turn              (no ring)

@: no status effects
A: unfitting armour, cold-blooded, AC +5
a: no special abilities


You were on level 1 of the Dungeon.
You were not hungry.

You visited 1 branch of the dungeon, and saw 2 of its levels.

You collected 68 gold pieces.

Inventory:

Hand Weapons
 d - a +1 dagger (weapon)
   (You took it off a kobold on level 1 of the Dungeon)
Jewellery
 a - an uncursed ring of protection from cold {unknown}
   (You found it on level 1 of the Dungeon)
 e - a cursed ring of teleportation {unknown}
   (You found it on level 1 of the Dungeon)
Scrolls
 c - a scroll of noise {unknown}
 i - a scroll of immolation {unknown}
Potions
 g - a potion of degeneration {unknown}
 h - a potion of lignification {unknown}
 k - a potion of heal wounds {unknown}
 l - a potion of haste {unknown}
Comestibles
 b - 3 rations
 j - 2 chunks of flesh {@w0}


   Skills:
 - Level 1.7 Dodging
 - Level 1.7 Stealth
 + Level 2.4 Spellcasting
 * Level 4.7 Conjurations


You had 5 spell levels left.
You knew the following spells:

 Your Spells              Type           Power        Failure   Level  Hunger
a - Magic Dart            Conj           ###.         2%          1    #......

Your spell library contained the following spells:

 Spells                   Type           Power        Failure   Level  Hunger
 Searing Ray              Conj           ###...       4%          2    ###....
 Dazzling Spray           Conj/Hex       #.....       22%         3    ###....
 Iskenderun's Mystic Bla  Conj           ###.....     28%         4    #####..
 Force Lance              Conj/Tloc      #.......     58%         4    #####..
 Fulminant Prism          Conj/Hex       #.........   58%         4    #####..


Dungeon Overview and Level Annotations

Branches:
Dungeon (2/15)

Altars:


Innate Abilities, Weirdness & Mutations

Your plain brown scales are hard. (AC +5)
You cannot fit into any form of body armour.
You are cold-blooded and may be slowed by cold attacks.


Message History

a +0 dagger; a kobold corpse You are feeling hungry.
You may need something to eat soon, looking for food.
Can't find anything matching that.
Sorry, you're not good enough to have a special ability.
You see here a plate armour.
You now have 68 gold pieces (gained 12).
A goblin comes into view. It is wielding a +0 club.
MP restored: 6
Aim: a goblin, wielding a +0 club (resting)
The magic dart hits the goblin.
The goblin shouts!
You now have 5/6 mp.
Aim: a goblin, wielding a +0 club (heavily wounded)
The magic dart hits the goblin.
You kill the goblin!
You now have 4/6 mp.
Things that are here:
a +0 club; a goblin corpse You butcher the goblin corpse.
j - 3 chunks of flesh {@w0}
Things that are here:
a +0 club; a goblin skeleton Autoeating chunks.
Eating one of 3 chunks of flesh {@w0}.
You eat one of the 3 chunks of flesh {@w0}.
A hobgoblin comes into view. It is wielding a +0 club.
Found an escape hatch in the floor.
MP restored: 6 A hobgoblin is nearby!
A hobgoblin is nearby!
Aim: a hobgoblin, wielding a +0 club (resting)
The magic dart hits the hobgoblin.
The hobgoblin shouts!
You now have 5/6 mp.
Aim: a hobgoblin, wielding a +0 club (moderately wounded)
The magic dart hits the hobgoblin.
You now have 4/6 mp.
Aim: a hobgoblin, wielding a +0 club (severely wounded)
The magic dart hits the hobgoblin.
You kill the hobgoblin!
You now have 3/6 mp.
You enter the shallow water.
Moving in this stuff is going to be slow.
Partly explored, can't reach some places.
MP restored: 6 Partly explored, can't reach some places.
Partly explored, can't reach some places.
Partly explored, can't reach some places.
Partly explored, can't reach some places.
Partly explored, can't reach some places.
You enter the shallow water.
Moving in this stuff is going to be slow.
There is a stone staircase leading down here.
You climb downwards.
A leopard gecko, an adder, a worm, an ooze, a giant cockroach and 2 goblins come into view.
The goblin shouts! x2; The leopard gecko hisses angrily.
The ooze quivers.
Found a buckler and a scroll labeled JAUFAI FIBREAH TED.
Found a stone staircase leading down.
There is a stone staircase leading up here.
You climb upwards.
There is a stone staircase leading down here.
You climb downwards.
The leopard gecko bites you. The giant cockroach barely misses you.
The ooze hits you but does no damage. The worm misses you.
The leopard gecko bites you. The giant cockroach misses you.
There is a stone staircase leading up here.
You take 5 damage, and have 21/26 hp.
The adder hisses angrily.
The ooze hits you. The leopard gecko misses you.
The giant cockroach closely misses you. The worm closely misses you.
You climb upwards.
There is a stone staircase leading down here.
You take 4 damage, and have 17/26 hp.
As you read the scroll labeled FIKLEJ QITE, it crumbles to dust.
It is a scroll of enchant weapon.
Your +0 dagger glows red for a moment.
The giant cockroach closely misses you.
Aim: a giant cockroach The magic dart hits the giant cockroach.
The giant cockroach barely misses you. The worm bites you!
You take 9 damage, and have 8/26 hp.
MASSIVE DAMAGE!!
You now have 5/6 mp.
Aim: a giant cockroach (moderately wounded)
The magic dart hits the giant cockroach but does no damage.
The giant cockroach bites you but does no damage.
You now have 4/6 mp.
Unknown command.
Aim: a giant cockroach (moderately wounded)
The magic dart hits the giant cockroach.
You kill the giant cockroach!
The worm bites you.
* * * LOW HITPOINT WARNING * * *
The leopard gecko misses you.
You take 1 damage, and have 7/26 hp.
You now have 3/6 mp.
Aim: a leopard gecko (clinging)
The magic dart hits the leopard gecko.
The leopard gecko barely misses you. The worm bites you!
You die...

#.# #.##.# ###.###
#.# #####.##.#
#.#### #.#
#........######.....
#.#
#.###............♣≈♣
#.#
#.###.#######≈♣.≈≈≈≈
#.#
#.#.........≈≈P.≈≈≈≈
##.##
#.#J#.#####♣≈≈≈.≈P≈≈
##.†.#####.#w#.#
#P♣P≈P.≈≈≈≈
#.#.#......#@#.#
♣≈≈≈≈.≈≈≈≈
##...#######l#.#
♣♣≈PP≈.≈≈≈≈ ##.##
#.#.# ♣≈≈≈≈≈.≈≈≈♣
#.#
#.#.#♣♣♣≈≈≈≈≈.≈P≈♣
#.#
#.#.♣♣≈≈≈≈≈≈≈.≈≈♣♣
#.#
#.#.♣♣≈P≈≈≈≈≈.≈≈♣
#.#
#.#.♣≈≈≈≈≈≈≈≈.≈≈♣♣
#.#
#.#.#♣≈≈≈≈≈≈≈.≈≈≈♣
#.#
#.#.##♣≈≈≈P≈≈.≈≈≈≈


You could see a worm, an ooze and a leopard gecko.

Vanquished Creatures
  2 dart slugs (D:1)
  A giant cockroach (D:1)
  5 goblins (D:1)
  4 hobgoblins (D:1)
  5 bats (D:1)
  A frilled lizard (D:1)
  5 kobolds (D:1)
  4 rats (D:1)
27 creatures vanquished.

Notes
Turn   | Place    | Note
-------+----------+-------------------------------------------
     0 | D:1      | drasked the Draconian Conjurer began the quest for the Orb.
     0 | D:1      | Reached XP level 1. HP: 14/14 MP: 3/3
   323 | D:1      | Reached XP level 2. HP: 20/20 MP: 0/5
   872 | D:1      | Reached XP level 3. HP: 26/26 MP: 3/6
  1066 | D:1      | Slain by a worm

Vault maps used:
D:1:      psy_arrival_fountain, serial_bayou_lagoon_b
D:2:      chequers_ecumenical_altar_simple, nemelex_spade_bored_becter,
          uniq_crazy_yiuf_cottage

Action                   || total
-------------------------++-------
Melee: Dagger            ||    15
       Tailslap          ||     3
 Cast: Magic Dart        ||    49
  Use: Scroll            ||     1
  Eat: Chunk             ||     1
Armor: Skin              ||     7
Dodge: Dodged            ||    20

Table legend:
 A = Non-vault XP
 B = Vault XP
 C = Vault XP percentage of total XP
 D = Non-vault monster count
 E = Vault monster count
 F = Vault count percentage of total count
                 A         B        C        D         E       F
            +---------+---------+-------+---------+---------+-------
      Total |      47 |       0 |   0.0 |      27 |       0 |   0.0
            +---------+---------+-------+---------+---------+-------
        D:1 |      47 |       0 |   0.0 |      27 |       0 |   0.0
            +---------+---------+-------+---------+---------+-------

Vault maps used:
D:1:      psy_arrival_fountain, serial_bayou_lagoon_b
D:2:      chequers_ecumenical_altar_simple, nemelex_spade_bored_becter,
          uniq_crazy_yiuf_cottage

Table legend:
 A = Turns spent in this place as a percentage of turns spent in the entire game.
 B = Non-inter-level travel turns spent in this place as a percentage of non-inter-level travel turns spent in the entire game.
 C = Inter-level travel turns spent in this place as a percentage of turns spent in this place.
 D = Turns resting spent in this place as a percentage of non-inter-level travel turns spent in this place.
 E = Turns spent auto-exploring this place as a percentage of non-inter-level travel turns spent in this place.
 F = Non-inter-level travel turns spent in this place divided by the number of levels of this place that you've seen.
                   A       B       C       D       E      F
               +-------+-------+-------+-------+-------+----------------------
         Total | 100.0 | 100.0 |   2.3 |  21.8 |  55.4 | 521.0
       Dungeon | 100.0 | 100.0 |   2.3 |  21.8 |  55.4 | 521.0
               +-------+-------+-------+-------+-------+----------------------

Table legend:
 A = Kills in this place as a percentage of kills in entire the game.
 B = Kills by you in this place as a percentage of kills by you in the entire game.
 C = Kills by friends in this place as a percentage of kills by friends in the entire game.
 D = Other kills in this place as a percentage of other kills in the entire game.
 E = Experience gained in this place as a percentage of experience gained in the entire game.
 F = Experience gained in this place divided by the number of levels of this place that you have seen.
                   A       B       C       D       E      F
               +-------+-------+-------+-------+-------+----------------------
         Total | 100.0 | 100.0 |   N/A |   N/A | 100.0 |  23.5
       Dungeon | 100.0 | 100.0 |   N/A |   N/A | 100.0 |  23.5
               +-------+-------+-------+-------+-------+----------------------
